 Dungeon Sprint DCSS version 0.30-a0-779-g7971cf19c3 (webtiles) character file.

Game seed: 1891882259866083629

5240 dialectric the Fencer (level 10, 0/52 HPs)
             Began as a Gargoyle Fighter on Feb 17, 2023.
             Was an Initiate of Jiyva.
             Slain by a manticore (16 damage)
             ... in the Dungeon (Sprint II: "The Violet Keep of Menkaure").
             The game lasted 00:04:17 (615 turns).

dialectric the Fencer (Gargoyle Fighter)             Turns: 615, Time: 00:04:18

Health: 0/52       AC: 22    Str: 22    XL:     10   Next: 62%
Magic:  10/10      EV: 10    Int:  1    God:    Jiyva [......]
Gold:   293        SH:  0    Dex: 11    Spells: 9/9 levels left

rFire   + . .      SeeInvis .    d - +9 long sword "Jelly's Death Toll" {speed, +Blink rC+ Int-3}
rCold   + . .      Faith    .    (no shield)
rNeg    + . .      Spirit   .    l - +2 chain mail {rF+}
rPois   ∞          Reflect  .    (no helmet)
rElec   +          Harm     .    (no cloak)
rCorr   .          Rampage  .    (no gloves)
Will    ++...      Rage     50%  (no boots) Stlth NoTele +
                                 k - necklace of Bloodlust {Fury *Rage Will++ Int-3 Slay+6}
HPRegen 0.28/turn                (no ring)
MPRegen 0.12/turn                (no ring)

@: on berserk cooldown
A: sickness immunity, AC +7, negative energy resistance 1, electricity
resistance, torment resistance 1, petrification resistance, dopey 1, frail 2
a: Renounce Religion, Evoke Blink


You were in the Dungeon.
You worshipped Jiyva.
Jiyva was noncommittal.
You visited 1 branch You collected 1151 gold pieces.
You spent 858 gold pieces at shops.

Inventory:

Hand Weapons
 a - a +0 long sword
 d - the +9 long sword "Jelly's Death Toll" (weapon) {speed, +Blink rC+ Int-3}
   (You bought it in a shop in the Dungeon)

   Int:       It affects your intelligence (-3).
   rC:        It protects you from cold.
   +Blink:    It lets you blink.
Armour
 b - a +0 scale mail
 c - a +0 buckler
 l - a +2 chain mail of fire resistance (worn)
Jewellery
 k - the necklace of Bloodlust (around neck) {Fury *Rage Will++ Int-3 Slay+6}
   (You bought it in a shop in the Dungeon)

   [amulet of nothing]

   Fury:      It extends the wearer's berserk rage when killing foes.
   Int:       It affects your intelligence (-3).
   Slay:      It affects your accuracy & damage with ranged weapons and melee
   (+6).
   *Rage:     It berserks you when you make melee attacks (+50% chance).
   Will:      It greatly increases your willpower.
Scrolls
 j - a scroll of blinking
Potions
 e - a potion of curing
 f - a potion of heal wounds
 g - a potion of haste
 h - 2 potions of magic
 i - a potion of berserk rage
 m - 3 potions of flight {unknown}


   Skills:
 - Level 9.0 Fighting
 + Level 17.5 Long Blades
 + Level 13.8 Armour
 + Level 5.0 Dodging
 - Level 3.2 Shields


You had 9 spell levels left.
You didn't know any spells.
Your spell library was empty.

Dungeon Overview and Level Annotations

Branches:
Dungeon (1/1)

Altars:
Cheibriados
Dithmenos
Elyvilon
Fedhas
Gozag
Hepliaklqana
Kikubaaqudgha
Makhleb
Nemelex Xobeh
Okawaru
Qazlal
Ru
Sif Muna
Trog
Uskayaw
Vehumet
Wu Jian
Xom
Yredelemnul
Zin
The Shining One
Jiyva
Lugonu

Shops:
D ?[::[[!==!(=(=[

Annotations:
D exclusion: oklob plant, Roxanne


Innate Abilities, Weirdness & Mutations

You are immune to sickness and miasma.
Your stone body is resilient. (AC +7)
You are immune to poison.
You resist negative energy. (rN+)
You are resistant to electric shocks. (rElec)
You are resistant to unholy torment.
You are immune to petrification.
You are dopey. (Int -2)
You are very frail. (-20% HP)


Message History

The manticore bites you! The manticore completely misses you.
The manticore claws you.
The manticore bites you but does no damage.
The manticore claws you but does no damage. x2
You slice the manticore!!
The manticore is heavily wounded.
You slice the manticore!!
The manticore is almost dead.
You slash the manticore!
You kill the manticore!
A manticore comes into view.
The manticore closely misses you. The manticore barely misses you.
The manticore closely misses you. The manticore closely misses you.
The manticore claws you. x2
The manticore bites you.
The manticore claws you but does no damage. x2
There is an open door, spattered with blood here.
You see here a manticore corpse.
You slice the manticore!!
The manticore is heavily wounded.
You slash the manticore!
The manticore is severely wounded.
The manticore closely misses you.
The manticore claws you but does no damage.
The manticore misses you. The manticore barely misses you.
The manticore claws you but does no damage. x2
You slash the manticore!
The manticore is almost dead.
You slash the manticore!
You kill the manticore!
Your Dodging skill increases to level 5!
The manticore attacks as you move away! The manticore bites you!
* * * LOW HITPOINT WARNING * * *
The manticore closely misses you.
The manticore claws you but does no damage.
The manticore flicks its tail.
The volley of spikes misses you.
You see here 81 gold pieces.
The manticore bites you!
You die...

##~~..§~. ##...~.~§ +.~.~~8~.
#++# #~§.~§~ ...### ~## .~~~
^...### ~~#+++#+++## ...#.##
~~.........# ..#..# ~~~.##'##..#
####.#..# ~~~###.###.####$@H.##.#
~~~#..#..#....#..#...#### .
~####.#.####..#####..##.# J.
##.###'###.##..#..÷..#..# ![...
###.##.##...#..#..#†.#).#▓!J...
'.##'.<.†.##'..####..##÷#▓.....?
#...##.##...#....###...##▓▓▓▓▓▓▓
##.###'###.##......~~~~†~~~~~~~~
~####...####§~.....~#'########+##


You could see a manticore.

Vanquished Creatures
  A crystal guardian (D)
  2 death drakes (D)
  2 manticores (D)
  A yaktaur (D)
  3 polar bears (D)
  A hornet (D)
  4 neqoxecs (D)
  Menkaure (D)
  5 water moccasins (D)
  2 swamp drakes (D)
  4 necrophages (D)
  5 scorpions (D)
  3 worms (D)
34 creatures vanquished.

Vanquished Creatures (others)
  3 slime creatures (D)
  A redback (D)
4 creatures vanquished.

Grand Total: 38 creatures vanquished

Notes
Turn   | Place    | Note
-------+----------+-------------------------------------------
     0 | D        | dialectric the Gargoyle Fighter began the quest for the
                  | Orb.
     0 | D        | Reached XP level 1. HP: 14/14 MP: 1/1
    15 | D        | Reached skill level 2 in Long Blades
    17 | D        | Reached XP level 2. HP: 18/20 MP: 2/2
    22 | D        | Noticed a scorpion
    22 | D        | Noticed a scorpion
    22 | D        | Noticed a scorpion
    22 | D        | Noticed a scorpion
    27 | D        | Killed a scorpion
    28 | D        | Reached skill level 4 in Long Blades
    28 | D        | Reached skill level 5 in Armour
    28 | D        | Reached XP level 3. HP: 27/27 MP: 3/3
    28 | D        | Reached XP level 4. HP: 32/32 MP: 4/4
    29 | D        | Killed a scorpion
    30 | D        | Reached skill level 5 in Long Blades
    30 | D        | Reached XP level 5. HP: 38/38 MP: 5/5
    36 | D        | Reached skill level 6 in Long Blades
    40 | D        | Reached XP level 6. HP: 44/45 MP: 6/6
    59 | D        | Reached skill level 7 in Long Blades
    72 | D        | Reached skill level 8 in Long Blades
    91 | D        | Reached skill level 9 in Long Blades
    91 | D        | Reached XP level 7. HP: 51/51 MP: 7/7
   112 | D        | Found Jeofyops's Jewellery Shoppe.
   112 | D        | Found Iwaedodd's Jewellery Emporium.
   112 | D        | Found Menk's Antique Weapon Emporium.
   112 | D        | Found Wevvuikh's Distillery.
   112 | D        | Found Ponwul's Antique Weapon Shoppe.
   113 | D        | Found Jeras's Jewellery Shoppe.
   113 | D        | Found Econg's Jewellery Emporium.
   114 | D        | Found Gimed's Distillery.
   114 | D        | Found Wuneila's Antique Armour Emporium.
   115 | D        | Found Mocsypt's Armour Emporium.
   115 | D        | Noticed a wyvern
   115 | D        | Noticed a wyvern
   116 | D        | Found Xuizok's Armour Shoppe.
   116 | D        | Found Fyitaghu's Book Emporium.
   116 | D        | Noticed an oklob plant
   117 | D        | Found Xaqu's Magic Scroll Emporium.
   117 | D        | Found Woyklypa's Antique Armour Shoppe.
   117 | D        | Found Weruffil's Book Shoppe.
   117 | D        | Noticed a wyvern
   117 | D        | Noticed an ice dragon
   149 | D        | Bought a polished long sword for 153 gold pieces
   149 | D        | Identified the +9 long sword "Jelly's Death Toll" {speed,
                  | +Blink rC+ Int-3} (You bought it in a shop in the Dungeon)
   151 | D        | Bought a potion of heal wounds for 65 gold pieces
   152 | D        | Bought the necklace of Bloodlust {Fury *Rage Will++ Int-3
                  | Slay+6} for 453 gold pieces
   152 | D        | Found the necklace of Bloodlust {Fury *Rage Will++ Int-3
                  | Slay+6}
   169 | D        | Noticed a neqoxec
   169 | D        | Noticed a neqoxec
   169 | D        | Noticed a neqoxec
   169 | D        | Noticed a neqoxec
   169 | D        | Gained mutation: You are frail. (-10% HP) [a neqoxec]
   173 | D        | Killed a neqoxec
   174 | D        | Reached skill level 10 in Long Blades
   174 | D        | Reached skill level 1 in Dodging
   174 | D        | Gained mutation: You are dopey. (Int -2) [a neqoxec]
   177 | D        | Killed a neqoxec
   178 | D        | Reached skill level 11 in Long Blades
   178 | D        | Reached skill level 10 in Armour
   184 | D        | Killed a neqoxec
   185 | D        | Reached XP level 8. HP: 50/50 MP: 8/8
   187 | D        | Gained mutation: You are very frail. (-20% HP) [a neqoxec]
   189 | D        | Reached skill level 12 in Long Blades
   229 | D        | Noticed a polar bear
   230 | D        | Noticed a polar bear
   237 | D        | Bought a glowing chain mail for 187 gold pieces
   267 | D        | Identified Roxanne's Octavo of Configuration
   267 | D        | Noticed Roxanne
   277 | D        | Found an iron altar of Okawaru.
   277 | D        | Found an opulent altar of Gozag.
   277 | D        | Noticed Menkaure
   278 | D        | Found a sparkling altar of Nemelex Xobeh.
   278 | D        | Found a blossoming altar of Fedhas.
   279 | D        | Found a radiant altar of Vehumet.
   279 | D        | Found a burning altar of Makhleb.
   279 | D        | Found a white marble altar of Elyvilon.
   283 | D        | Killed Menkaure
   284 | D        | Found a hide-covered altar of Uskayaw.
   284 | D        | Found a corrupted altar of Lugonu.
   284 | D        | Found a shadowy altar of Dithmenos.
   285 | D        | Found a glowing silver altar of Zin.
   285 | D        | Found a bloodstained altar of Trog.
   285 | D        | Found an ancient bone altar of Kikubaaqudgha.
   285 | D        | Found a snail-covered altar of Cheibriados.
   309 | D        | Found a basalt altar of Yredelemnul.
   309 | D        | Found a shimmering blue altar of Sif Muna.
   309 | D        | Found a viscous altar of Jiyva.
   310 | D        | Found a shimmering altar of Xom.
   310 | D        | Found a sacrificial altar of Ru.
   319 | D        | Reached skill level 13 in Long Blades
   334 | D        | Found a glowing golden altar of the Shining One.
   334 | D        | Found an ornate altar of the Wu Jian Council.
   335 | D        | Noticed a yaktaur
   335 | D        | Noticed a hornet
   335 | D        | Noticed a polar bear
   335 | D        | Noticed a polar bear
   346 | D        | Killed a polar bear
   346 | D        | Noticed a polar bear
   347 | D        | Reached XP level 9. HP: 38/48 MP: 9/9
   351 | D        | Killed a polar bear
   352 | D        | Reached skill level 14 in Long Blades
   354 | D        | Killed a polar bear
   358 | D        | Killed a hornet
   363 | D        | HP: 2/48 [yaktaur (5)]
   364 | D        | Killed a yaktaur
   365 | D        | Reached skill level 15 in Long Blades
   389 | D        | Found a stormy altar of Qazlal.
   390 | D        | Found a hazy altar of Hepliaklqana.
   397 | D        | Became a worshipper of Jiyva Juanwyti the Shapeless
   526 | D        | Noticed a death drake
   527 | D        | Noticed a crystal guardian
   528 | D        | Noticed a death drake
   548 | D        | Killed a crystal guardian
   549 | D        | Reached skill level 16 in Long Blades
   549 | D        | Reached XP level 10. HP: 52/52 MP: 10/10
   556 | D        | Killed a death drake
   575 | D        | Killed a death drake
   576 | D        | Reached skill level 17 in Long Blades
   600 | D        | Noticed a manticore
   602 | D        | Noticed a manticore
   607 | D        | Killed a manticore
   607 | D        | Noticed a manticore
   612 | D        | Killed a manticore
   613 | D        | Reached skill level 5 in Dodging
   615 | D        | Slain by a manticore

Illustrated notes

Levels and vault maps discovered:
D:        the_violet_keep_of_menkaure [sprint2_stairs_cluster_1,
          sprint2_shoproom, sprint2_temple, sprint2_basic_supplies,
          sprint2_obstacle_7, sprint2_obstacle_5, sprint2_obstacle_6,
          sprint2_obstacle_2, sprint2_obstacle_4, sprint2_timed_cluster_1,
          sprint2_smallroom_cluster_1, sprint2_smallroom_final_cluster_1,
          sprint2_transparent_cluster_1, sprint2_second_timed_cluster_1,
          sprint2_sniper_area_1, sprint2_heavy_combat_area_1,
          sprint2_mutation_trap_area_1, sprint2_forest_area_1,
          sprint2_light_combat_area_1, sprint2_behind_water_1,
          sprint2_near_end_vault_1]

Skill      XL: |  1  2  3  4  5  6  7  8  9 10 |
---------------+-------------------------------+-----
Long Blades    | 2 4 5 6 9 11 13 16 17 | 17.5
Fighting       | 4 6 7 8 9 |  9.0
Armour         | 4 5 6 7 9 10 11 12 13 | 13.8
Dodging        | 1 2 4 5 |  5.0
Shields        | |  3.2

Action                     |  1- 3 |  4- 6 |  7- 9 | 10-12 || total
---------------------------+-------+-------+-------+-------++-------
  Melee: Long sword        |    13 |    60 |    96 |    27 ||   196
         Punch             |       |       |     3 |       ||     3
    Use: Potion            |     1 |       |     1 |       ||     2
 Armour: Scale mail        |     3 |    19 |    27 |       ||    49
         Chain mail        |       |       |    16 |    12 ||    28
  Dodge: Dodged            |     5 |    32 |    38 |    15 ||    90

Table legend: (Time is in decaauts)
 A = Elapsed time spent in this place.
 B = Non-inter-level travel time spent in this place.
 C = Inter-level travel time spent in this place.
 D = Time resting spent in this place.
 E = Time spent auto-exploring this place.
 F = Levels seen in this place.
 G = Mean time per level.
                   A        B        C        D        E       F      G
               +--------+--------+--------+--------+--------+-----+--------+
         Total |    608 |    608 |      0 |    164 |      0 |   1 |  608.0 |
       Dungeon |    608 |    608 |      0 |    164 |      0 |   1 |  608.0 |
               +--------+--------+--------+--------+--------+-----+--------+

Top non-repeatable levels by time:
       D: 608 daAuts
